 Dungeon Crawl Stone Soup version 0.31-a0-246-g8cbcc1cb85 (webtiles) character file.

Game seed: 193699359116623169

53 qw the Shooter (level 3, -2/29 HPs)
             Began as a Minotaur Hexslinger on July 12, 2023.
             Slain by a goblin
             ... wielding a +0 club
              (3 damage)
             ... on level 2 of the Dungeon.
             The game lasted 00:00:28 (1377 turns).

qw the Shooter (Minotaur Hexslinger)                Turns: 1377, Time: 00:00:29

Health: -2/29      AC:  3    Str: 18    XL:     3   Next: 64%
Magic:  3/3        EV: 12    Int: 10    God:
Gold:   30         SH:  0    Dex: 14    Spells: 3/4 levels left

rFire   . . .        Y - +1 sling
rCold   . . .        (no shield)
rNeg    . . .        c - +0 robe
rPois   .            (helmet restricted)
rElec   .            h - +0 cloak
rCorr   .            (no gloves)
SInv    .            (no boots)
Will    .....        (no amulet)
Stlth   +            i - +6 ring of strength
HPRegen 0.24/turn    (no ring)
MPRegen 0.08/turn

%: no passive effects
@: no status effects
A: horns 2, retaliatory headbutt
a: no special abilities


You were on level 2 of the Dungeon.
You visited 1 branch of the dungeon, and saw 2 of its levels.

You collected 30 gold pieces.


Innate Abilities, Weirdness & Mutations

You have a pair of horns on your head.
You reflexively headbutt those who attack you in melee.


   Skills:
 - Level 2.0 Fighting
 + Level 4.2 Ranged Weapons
 - Level 2.1 Dodging
 - Level 1.0 Spellcasting
 - Level 2.0 Hexes


You had 3 spell levels left.
You knew the following spells:

 Your Spells              Type           Power      Damage    Failure   Level
a - Slow                  Hex            16%        N/A       16%         1

Your spell library contained the following spells:

 Spells                   Type           Power      Damage    Failure   Level
 Inner Flame              Hex/Fire       2%         N/A       56%         3
 Portal Projectile        Hex/Tloc       4%         N/A       56%         3
 Cause Fear               Hex            2%         N/A       83%         4

Inventory:

Hand Weapons
 Y - a +1 sling (weapon)
Armour
 c - a +0 robe (worn)
 h - a +0 cloak (worn)
Jewellery
 i - a +6 ring of strength (left hand)
Scrolls
 a - a scroll of amnesia {unknown}
Potions
 d - a potion of curing
 k - a potion of attraction {unknown}

Dungeon Overview and Level Annotations

Branches:
Dungeon (2/15)

Altars:


Message History

You shoot a sling bullet.
The sling bullet closely misses the giant cockroach.
A giant cockroach comes into view.
The giant cockroach closely misses you. The goblin barely misses you.
You shoot a sling bullet.
The sling bullet hits the giant cockroach but does no damage.
The giant cockroach is heavily wounded.
The giant cockroach bites you but does no damage.
The goblin closely misses you.
You shoot a sling bullet.
The sling bullet barely misses the giant cockroach.
The giant cockroach closely misses you. The goblin hits you with a +0 club.
The giant cockroach closely misses you.
You shoot a sling bullet.
The sling bullet hits the giant cockroach.
The giant cockroach is almost dead.
The goblin barely misses you. You furiously retaliate!
You headbutt the goblin. The giant cockroach barely misses you.
You shoot a sling bullet.
The sling bullet hits the giant cockroach.
You kill the giant cockroach!
The goblin hits you with a +0 club. x2
You shoot a sling bullet.
The sling bullet closely misses the goblin.
The giant cockroach bites you but does no damage.
The goblin barely misses you.
You shoot a sling bullet.
The sling bullet closely misses the goblin.
The giant cockroach bites you. The goblin hits you with a +0 club.
The giant cockroach barely misses you.
You shoot a sling bullet.
The sling bullet closely misses the goblin.
The giant cockroach closely misses you. You furiously retaliate!
You headbutt the giant cockroach!
You kill the giant cockroach!
The goblin hits you with a +0 club.
You shoot a sling bullet. The sling bullet hits the goblin.
The goblin is severely wounded.
The goblin hits you with a +0 club.
You die...

... ?.....
#...#+###.....##
#.......#......#
#.......+.....
##.......#....
............#
.........%%.###
.........@g...#
#............#
#............###
#######...........
#######.......... ..#
#....##........# ...#
#....##........# ...##
#....##........###......
#....##....%............


You could see a goblin.

Vanquished Creatures
  An adder (D:2)
  A gnoll (D:1)
  A dart slug (D:1)
  A bat (D:1)
  2 endoplasms (D:1)
  3 giant cockroaches (D:2)
  3 goblins (D:1)
  2 hobgoblins (D:1)
  4 jackals (D:2)
  2 quokkas (D:1)
  3 ball pythons (D:1)
  3 frilled lizards (D:1)
  3 kobolds (D:1)
  3 rats
32 creatures vanquished.

Notes
Turn   | Place    | Note
-------+----------+-------------------------------------------
     0 | D:1      | qw the Minotaur Hexslinger began the quest for the Orb.
     0 | D:1      | Reached XP level 1. HP: 16/16 MP: 1/1
     0 | D:1      | 0 ||| qw: Version: 0.3-a-52-g30416fa
     0 | D:1      | 0 ||| qw: Game counter: 6363
     0 | D:1      | 0 ||| qw: Melee chars always use a shield: true
     0 | D:1      | 0 ||| qw: God list: Okawaru
     0 | D:1      | 0 ||| qw: Allow faded altars: false
     0 | D:1      | 0 ||| qw: Do Orc after clearing Dungeon:15 true
     0 | D:1      | 0 ||| qw: Do second Lair branch before Depths: true
     0 | D:1      | 0 ||| qw: Lair rune preference: random
     0 | D:1      | 0 ||| qw: Goals: Normal
     0 | D:1      | 0 ||| PLANNING D:1-11
    44 | D:1      | Reached skill level 3 in Ranged Weapons
    44 | D:1      | Reached XP level 2. HP: 11/23 MP: 2/2
    45 | D:1      | HP: 5/23 [hobgoblin (4)]
   405 | D:1      | 405 ||| FLEEEEING.
   406 | D:1      | 406 ||| FLEEEEING.
   407 | D:1      | 407 ||| FLEEEEING.
   421 | D:1      | 421 ||| FLEEEEING.
   613 | D:1      | HP: 4/24 [kobold/+0 short sword (4)]
   615 | D:1      | Reached XP level 3. HP: 5/29 MP: 3/3
  1190 | D:1      | 1190 ||| UPGRADING to +0 cloak.
  1195 | D:1      | 1195 ||| UPGRADING to +6 ring of strength.
  1196 | D:1      | 1196 ||| READING 2 scrolls labelled SENUFR BIMEZO.
  1197 | D:1      | 1197 ||| READING scroll labelled QYINAI NULAMO.
  1198 | D:1      | 1198 ||| READING scroll labelled DYZXU ZECLIST.
  1199 | D:1      | 1199 ||| READING scroll labelled NARPHATSARA.
  1200 | D:1      | 1200 ||| DRINKING 2 blue potions.
  1201 | D:1      | 1201 ||| DROPPING scroll of fear.
  1202 | D:1      | 1202 ||| DROPPING scroll of poison.
  1368 | D:2      | Reached skill level 4 in Ranged Weapons
  1373 | D:2      | HP: 7/29 [goblin/+0 club (1)]
  1375 | D:2      | HP: 2/29 [goblin/+0 club (4)]
  1377 | D:2      | Slain by a goblin

Levels and vault maps discovered:
D:1:      dpeg_arrival_arbitrary_c, layout_basic
D:2:      layout_basic, serial_shops, shop

Skill      XL: |  1  2  3 |
---------------+----------+-----
Ranged Weapons | 3 4 |  4.2
Fighting       | 2 |  2.0
Dodging        | |  2.1
Spellcasting   | |  1.0
Hexes          | |  2.0

Action                     || total
---------------------------++-------
   Fire: Sling             ||   106
    Use: Scroll            ||     4
         Potion            ||     1
 Armour: Robe              ||     6
  Dodge: Dodged            ||    48

Table legend:
 A = Non-vault XP
 B = Vault XP
 C = Vault XP percentage of total XP
 D = Non-vault monster count
 E = Vault monster count
 F = Vault count percentage of total count
                 A         B        C        D         E       F
            +---------+---------+-------+---------+---------+-------
      Total |      77 |       0 |   0.0 |      32 |       0 |   0.0
            +---------+---------+-------+---------+---------+-------
        D:1 |      47 |       0 |   0.0 |      22 |       0 |   0.0
        D:2 |      30 |       0 |   0.0 |      10 |       0 |   0.0
            +---------+---------+-------+---------+---------+-------
